Map: Frostline LE

Players

RNA - Winner!

  • Race: Terran Terran
  • League: Master
  • Spawn Location: 7:00

JaKsOne

  • Race: Zerg Zerg
  • League: Platinum
  • Spawn Location: 1:00

VOD

Have the link to the VOD?

Description

Time

  • Played on: Feb. 9, 2025, 1:13 p.m.
  • Length: 11:39
Show
View Real Time Build Order
Export as new Build Order

RNA Terran - Winner!

Build Orders: Liberator Opening, Reaper Expand 

Get SALT Encoding   

  12  0:01  SCV  
  13  0:13  SCV  
  14  0:17  Supply Depot  
  14  0:25  SCV  
  15  0:38  SCV  
  15  0:41  Barracks  
  16  0:48  Refinery  
  16  0:50  SCV  
  17  1:02  SCV  
  18  1:15  SCV  
  19  1:28  Orbital Command  
  19  1:31  Reaper  
  20  1:45  Command Center  
  20  1:54  Supply Depot  
  20  1:57  SCV  
  21  2:03  Marine  
  22  2:19  Factory  
  22  2:20  SCV  
  23  2:23  Refinery  
  23  2:27  Barracks Reactor  
  23  2:32  SCV  
  24  2:49  SCV  
  25  3:02  SCV x2  
  26  3:14  Starport  
  26  3:16  Orbital Command  
  26  3:17  Barracks Tech Lab  
  26  3:21  Hellion  
  26  3:22  Hellion  
  30  3:30  SCV  
  31  3:37  Stimpack  
  31  3:38  Marine  
  32  3:43  Hellion x2, SCV  
  37  3:50  SCV  
  37  3:52  Liberator  
  37  3:55  SCV  
  42  3:59  Supply Depot  
  42  4:00  Marine  
  42  4:02  SCV  
  44  4:06  Hellion  
  46  4:20  SCV x2  
  46  4:21  Hellion  
  50  4:28  Supply Depot  
  50  4:29  Supply Depot  
  50  4:31  Marine  
  50  4:32  SCV x2  
  50  4:34  Command Center  
  53  4:45  SCV  
  53  4:50  SCV  
  55  4:57  Starport Reactor  
  55  4:58  SCV  
  56  5:02  SCV  
  57  5:10  SCV  
  58  5:14  SCV  
  50  6:02  Marine  
  45  6:06  Medivac x2  
  45  6:08  Orbital Command  
  49  6:13  Supply Depot  
  49  6:14  Factory Tech Lab  
  49  6:15  Supply Depot  
  49  6:17  SCV  
  49  6:18  SCV  
  51  6:19  Marine  
  51  6:21  Supply Depot  
  51  6:23  Barracks  
  52  6:27  Barracks x2  
  52  6:29  SCV  
  52  6:30  Barracks, SCV  
  54  6:34  Siege Tank  
  57  6:42  SCV x2  
  59  6:54  SCV x2  
  60  6:56  Refinery  
  60  6:58  Refinery  
  60  6:59  Marine  
  62  7:03  Medivac x2  
  62  7:06  Siege Tank, SCV x2  
  71  7:09  Orbital Command  
  71  7:17  Marine  
  71  7:18  SCV x2  
  71  7:21  Barracks Tech Lab x2  
  71  7:22  Barracks Reactor  
  74  7:28  Engineering Bay  
  74  7:30  SCV x2  
  74  7:32  Engineering Bay  
  74  7:33  Medivac x2  
  74  7:34  SCV  
  74  7:35  Marine  
  82  7:38  Siege Tank  
  82  7:41  Combat Shield  
  82  7:43  Concussive Shells  
  85  7:44  Marine  
  85  7:45  Marine x3  
  89  7:52  Marine  
  90  8:01  SCV x3  
  90  8:02  Marine  
  90  8:03  Marine x3, Supply Depot  
  97  8:10  Marine  
  97  8:12  Siege Tank  
  101  8:13  Marine x2, Supply Depot x2, SCV x3  
  106  8:20  Marine x2  
  106  8:21  Marine  
  106  8:24  Marine  
  110  8:28  Marine  
  110  8:31  Terran Infantry Weapons Level 1, Marine x2  
  113  8:36  Terran Infantry Armor Level 1  
  113  8:38  Marine x3  
  116  8:42  Marine  
  116  8:44  Siege Tank  
  116  8:46  Marine  
  121  8:49  Marine x2  
  121  8:54  Supply Depot  
  123  8:56  Marine x3  
  123  8:57  Supply Depot  
  123  8:58  Supply Depot  
  123  8:59  Medivac, Marine  
  129  9:04  Marauder  
  129  9:07  Marine  
  132  9:16  Marauder, Siege Tank  
  137  9:18  Marauder  
  137  9:24  Marine x3  
  139  9:25  Marine x2  
  144  9:36  Marine  
  142  9:55  Marine x7  
  149  10:00  Siege Tank  
  149  10:02  Medivac x2  
  156  10:12  Marine  
  157  10:37  Marine  
  157  10:38  Marine x2, Marauder  
  157  10:39  Marine x2  
  157  10:40  Medivac, Marauder, Siege Tank  
  130  10:54  Marine  
  130  10:56  Marine x3  
  124  10:57  Marine  
  124  11:00  Marauder  
  124  11:02  Marauder  
  129  11:12  Marine  
  129  11:14  Marine x3  
  129  11:15  Marauder  
Show
View Real Time Build Order
Export as new Build Order

JaKsOne Zerg 

Build Orders: Hatch First 

Get SALT Encoding   

  12  0:00  Drone  
  13  0:11  Drone  
  14  0:20  Extractor, Drone  
  14  0:23  Overlord  
  15  0:45  Hatchery  
  15  0:48  Drone  
  15  0:52  Drone  
  16  0:58  Drone  
  16  1:01  Drone  
  18  1:05  Extractor  
  17  1:11  Drone  
  18  1:21  Spawning Pool  
  18  1:25  Drone  
  18  1:32  Drone  
  19  1:43  Drone  
  20  1:58  Drone  
  20  1:59  Drone  
  22  2:08  Queen x2  
  24  2:10  Zergling x4  
  24  2:15  Overlord  
  28  2:21  Metabolic Boost  
  28  2:34  Drone x3  
  31  2:41  Drone x2  
  34  2:51  Drone x2  
  35  3:03  Hatchery, Drone x2  
  36  3:12  Overlord  
  36  3:19  Evolution Chamber  
  35  3:21  Lair  
  35  3:28  Overlord  
  35  3:30  Queen  
  37  3:36  Zergling x6  
  37  3:40  Drone  
  41  3:43  Roach Warren  
  41  3:46  Drone x2  
  41  3:47  Extractor  
  41  3:58  Drone x3  
  41  4:01  Overlord  
  44  4:07  Baneling Nest  
  43  4:14  Queen, Drone  
  43  4:15  Drone x2  
  48  4:17  Overlord  
  48  4:21  Zerg Melee Weapons Level 1  
  48  4:32  Drone x5  
  48  4:33  Drone  
  54  4:40  Queen  
  54  4:45  Hydralisk Den  
  55  4:48  Drone  
  55  4:49  Drone x3  
  59  4:53  Centrifugal Hooks  
  59  5:06  Zergling x2  
  59  5:07  Zergling x12  
  62  5:19  Zergling x2  
  57  5:26  Spore Crawler  
  57  5:27  Drone x6  
  55  5:30  Roach  
  56  5:35  Roach  
  56  5:40  Queen  
  56  5:43  Roach x3  
  51  5:52  Zergling x4  
  52  6:01  Drone x3  
  53  6:09  Drone x2  
  55  6:12  Drone  
  56  6:21  Glial Reconstitution  
  56  6:25  Drone x4  
  60  6:36  Drone x3  
  63  6:40  Drone  
  63  6:44  Extractor  
  63  6:48  Spine Crawler  
  63  6:49  Drone x2  
  63  6:50  Drone x2  
  66  6:54  Evolution Chamber  
  65  7:10  Hatchery  
  65  7:11  Zerg Missile Weapons Level 1  
  65  7:12  Roach  
  65  7:14  Overlord x3  
  66  7:26  Zerg Ground Armor Level 1  
  66  7:32  Overlord x2  
  66  7:33  Overseer  
  68  7:44  Roach x4  
  68  7:45  Roach x5  
  68  7:47  Drone x2  
  68  7:48  Ravager  
  87  7:52  Extractor, Drone x2  
  87  7:53  Drone  
  87  7:55  Drone  
  87  7:56  Drone  
  91  7:59  Overseer  
  91  8:01  Drone  
  91  8:03  Muscular Augments  
  92  8:10  Drone x5  
  98  8:12  Drone  
  98  8:13  Drone  
  98  8:18  Drone x2  
  101  8:28  Zergling x2  
  101  8:29  Zergling x8  
  106  8:35  Zergling x6  
  106  8:37  Zergling x6  
  112  8:45  Overlord  
  112  8:46  Overlord x3  
  112  8:52  Overlord x2  
  112  8:53  Overlord  
  112  9:01  Baneling x4  
  112  9:02  Baneling x7  
  112  9:07  Grooved Spines  
  112  9:08  Zergling x2  
  112  9:09  Drone x3  
  116  9:14  Infestation Pit  
  115  9:18  Extractor, Zergling x8  
  115  9:19  Zergling x10  
  123  9:30  Zergling x2  
  126  9:31  Roach x2  
  126  9:32  Roach x4  
  135  9:45  Zergling x2  
  131  9:46  Zergling x8  
  131  9:48  Drone  
  135  9:54  Baneling x2  
  135  9:55  Baneling x11  
  135  9:58  Overlord x2  
  135  9:59  Overlord  
  135  10:00  Extractor, Drone  
  135  10:01  Extractor, Drone x2  
  136  10:11  Extractor  
  136  10:14  Zergling x12  
  138  10:24  Baneling x2  
  138  10:25  Baneling x9  
  138  10:27  Zergling x2  
  138  10:28  Roach  
  140  10:29  Roach  
  140  10:41  Roach  
  140  10:42  Roach x2  
  127  10:44  Zergling x2, Hatchery  
  127  10:45  Zergling x18  
  101  10:55  Zergling x2  
  101  10:56  Hatchery  
  85  10:57  Roach x2  
  85  11:02  Overseer  
  85  11:03  Zergling x2  
  85  11:04  Zergling x2  
  91  11:06  Zergling x2  
  92  11:13  Zergling x2  
  92  11:14  Zergling x2  
  92  11:18  Zergling x2  
Tags
 
Add a new tag
Caveats
  • Supply blocks, unpowered buildings, or Contaminate may cause inaccurate times.
  • Supply counts are checked every 10 seconds.